Map: [ESL] Hard Lead

Players

Wayne

  • Race: Zerg Zerg
  • Spawn Location: 5:00

GunGFuBanDa - Winner!

  • Race: Protoss Protoss
  • Spawn Location: 11:00

Event: ESL SC2 Masters 2023 Winter (Regional)

VOD

Have the link to the VOD?

Description

Time

  • Played on: Nov. 2, 2023, 10:51 a.m.
  • Length: 20:56

All games in this series

Show
View Real Time Build Order
Export as new Build Order

Wayne Zerg 

Build Orders: Hatch First 

Get SALT Encoding   

  12  0:00  Drone  
  13  0:12  Overlord  
  13  0:17  Drone  
  14  0:31  Drone  
  15  0:44  Hatchery  
  15  0:47  Drone  
  15  0:51  Drone  
  15  0:55  Drone  
  17  1:05  Extractor  
  16  1:12  Spawning Pool  
  16  1:15  Drone  
  16  1:20  Drone  
  16  1:22  Drone  
  18  1:30  Drone  
  19  1:43  Drone  
  20  1:53  Overlord  
  20  1:59  Queen x2  
  24  2:01  Zergling x2  
  24  2:04  Zergling x2  
  26  2:10  Drone  
  26  2:12  Metabolic Boost  
  27  2:17  Drone  
  27  2:21  Drone  
  29  2:26  Drone  
  30  2:33  Drone  
  30  2:35  Drone  
  32  2:41  Drone  
  32  2:43  Hatchery  
  32  2:50  Overlord  
  32  2:53  Queen  
  32  2:57  Drone x2  
  36  3:08  Queen  
  36  3:11  Drone x3  
  41  3:17  Drone x3  
  44  3:23  Overlord  
  44  3:24  Overlord  
  44  3:29  Extractor  
  44  3:31  Extractor, Queen  
  46  3:41  Spore Crawler  
  46  3:43  Drone x5  
  50  3:50  Drone  
  50  3:55  Queen  
  53  3:58  Overlord  
  53  4:00  Overlord  
  53  4:01  Zergling x6  
  56  4:03  Drone  
  56  4:05  Spore Crawler  
  56  4:08  Drone x2  
  58  4:12  Spore Crawler  
  58  4:14  Drone  
  58  4:17  Overlord  
  58  4:19  Drone x2  
  60  4:24  Overlord  
  60  4:25  Drone  
  60  4:26  Drone  
  60  4:31  Drone x3  
  65  4:43  Zergling x6  
  67  4:46  Roach Warren, Lair  
  67  4:48  Zergling x2  
  67  4:49  Zergling x6  
  70  4:53  Overlord  
  70  4:58  Drone  
  71  5:00  Overlord  
  71  5:04  Overlord  
  71  5:08  Drone x7  
  71  5:14  Extractor x2, Drone x4, Evolution Chamber  
  80  5:19  Drone  
  80  5:22  Drone  
  80  5:26  Drone  
  80  5:27  Hatchery  
  79  5:32  Drone  
  79  5:33  Drone x4  
  79  5:34  Drone x2  
  86  5:39  Extractor  
  86  5:40  Extractor  
  86  5:41  Extractor  
  86  5:42  Drone x2  
  85  5:43  Drone x2  
  85  5:47  Overseer  
  87  5:50  Overlord  
  87  5:53  Roach x2  
  91  5:57  Spine Crawler  
  91  5:58  Roach x5  
  91  5:59  Evolution Chamber  
  91  6:02  Roach x2  
  104  6:06  Roach x2  
  109  6:11  Overlord  
  109  6:13  Overlord  
  109  6:14  Glial Reconstitution  
  109  6:15  Evolution Chamber  
  109  6:17  Overlord  
  108  6:21  Overlord  
  108  6:23  Overlord  
  109  6:25  Overlord  
  109  6:26  Zergling x14  
  109  6:27  Zergling x2  
  109  6:29  Overlord  
  112  6:37  Roach x2  
  113  6:42  Extractor  
  113  6:43  Hatchery  
  113  6:45  Zergling x4  
  109  6:49  Zergling x4  
  109  6:56  Baneling Nest  
  109  7:00  Drone x5  
  113  7:09  Drone x2  
  113  7:11  Drone  
  116  7:17  Hatchery  
  115  7:23  Drone x5  
  115  7:28  Infestation Pit  
  115  7:29  Drone x2  
  121  7:34  Drone  
  122  7:40  Centrifugal Hooks  
  122  7:43  Drone x4  
  126  7:46  Overlord  
  126  7:47  Roach x2  
  130  7:52  Roach  
  130  7:53  Roach x5  
  130  7:54  Ravager x4  
  145  8:02  Overlord  
  145  8:03  Zergling x6  
  148  8:07  Overlord  
  147  8:15  Drone x3, Extractor  
  147  8:16  Drone  
  147  8:17  Drone x4  
  147  8:18  Overseer  
  154  8:22  Roach  
  154  8:23  Roach x5  
  161  8:28  Overlord  
  161  8:30  Ravager x7  
  161  8:32  Zergling x4  
  167  8:37  Zergling x12  
  172  8:45  Overlord  
  170  8:50  Overlord  
  170  8:52  Zergling x12  
  171  9:00  Hive  
  171  9:02  Zerg Melee Weapons Level 1  
  167  9:04  Zergling x16  
  173  9:12  Zergling x4  
  173  9:16  Drone  
  176  9:17  Hatchery  
  176  9:19  Evolution Chamber  
  176  9:21  Zergling x18  
  183  9:27  Ravager  
  184  9:31  Overlord  
  184  9:34  Drone x3  
  184  9:36  Spore Crawler  
  185  9:39  Zergling x8  
  185  9:45  Overlord  
  189  9:48  Overlord  
  189  9:49  Roach x6  
  200  9:55  Hatchery  
  200  9:57  Baneling x22  
  200  9:59  Overlord  
  195  10:04  Zergling x10  
  195  10:06  Baneling x19  
  200  10:10  Spine Crawler  
  200  10:11  Drone  
  200  10:12  Drone, Spine Crawler  
  168  10:32  Zergling x2  
  168  10:33  Zergling x10  
  153  10:42  Zergling x20, Roach  
  137  10:43  Zergling x10  
  137  10:46  Adrenal Glands  
  137  10:48  Zerg Missile Weapons Level 1  
  131  10:51  Roach x9  
  131  10:56  Baneling x8  
  146  10:58  Roach x4  
  146  11:01  Roach x3  
  146  11:02  Baneling x3  
  146  11:03  Baneling  
  160  11:08  Zergling x4  
  160  11:09  Zergling x8  
  164  11:13  Zergling x10  
  169  11:19  Drone x5  
  169  11:23  Zergling x12  
  169  11:24  Viper  
  183  11:27  Viper  
  183  11:32  Zerg Melee Weapons Level 2  
  186  11:37  Baneling x6  
  186  11:44  Zergling x12  
  186  11:45  Spore Crawler  
  189  11:49  Hatchery  
  189  11:52  Zergling x16  
  189  11:53  Zergling x2  
  184  12:02  Zergling x6  
  184  12:07  Baneling x6  
  187  12:09  Roach  
  187  12:10  Roach x5  
  187  12:13  Spire  
  198  12:15  Drone  
  199  12:23  Overseer  
  182  12:39  Zergling x34  
  185  12:46  Roach  
  185  12:47  Roach x8  
  181  12:57  Zergling x16  
  173  12:59  Zerg Missile Weapons Level 2  
  173  13:00  Roach x2  
  159  13:09  Roach x8  
  165  13:16  Drone x2  
  165  13:17  Drone x2  
  165  13:19  Ravager  
  169  13:20  Ravager x3  
  169  13:21  Ravager  
  169  13:22  Baneling x9  
  169  13:24  Zergling x12  
  178  13:32  Roach x8  
  179  13:42  Zergling x16  
  179  13:46  Zergling x6  
  190  13:49  Queen x2  
  184  14:00  Roach x9  
  173  14:05  Zergling x12  
  173  14:08  Queen  
  171  14:10  Drone x4  
  171  14:14  Drone x3  
  175  14:22  Roach x6  
  176  14:26  Ravager  
  176  14:27  Ravager  
  176  14:31  Zergling x20  
  176  14:33  Ravager  
  176  14:34  Ravager  
  188  14:39  Zergling x6  
  188  14:44  Zergling x8  
  190  14:52  Zergling x18  
  199  14:53  Baneling x13  
  199  14:54  Baneling x3  
  199  14:59  Zerg Melee Weapons Level 3  
  199  15:02  Overlord  
  199  15:03  Zergling x4  
  185  15:07  Zergling x10  
  162  15:15  Zergling x16  
  162  15:21  Zergling x22  
  155  15:28  Zergling x2  
  155  15:29  Zergling x6  
  155  15:32  Zergling x6, Roach x3  
  155  15:33  Zergling x2  
  155  15:34  Zergling x6, Roach x3  
  153  15:41  Roach  
  146  15:48  Roach x4  
  152  15:53  Roach x6  
  152  15:57  Zergling x6  
  167  16:04  Ravager  
  168  16:05  Zergling x2  
  168  16:06  Zergling x8  
  159  16:14  Roach x3  
  159  16:18  Roach x6  
  156  16:21  Viper  
  156  16:23  Viper  
  162  16:27  Baneling x3  
  162  16:31  Drone  
  162  16:32  Drone  
  164  16:35  Drone x3  
  167  16:41  Hatchery  
  167  16:43  Zergling x2  
  167  16:44  Zergling x24  
  175  16:48  Drone x2  
  175  16:49  Drone x3  
  172  16:55  Zergling x10  
  172  17:03  Roach x4  
  172  17:06  Zergling x2, Roach  
  150  17:17  Zergling x4  
  150  17:18  Zergling x2, Roach x3  
  150  17:20  Zergling x6  
  130  17:23  Zergling x2  
  130  17:24  Zergling x4  
  105  17:31  Zergling x10  
  101  17:54  Roach  
  101  17:55  Roach x10  
  101  17:56  Ravager  
  114  18:03  Spawning Pool  
  104  18:08  Drone x4  
  107  18:18  Drone x2  
  106  18:25  Drone x8  
  107  18:36  Drone x6  
  110  18:50  Zergling x16  
  118  18:57  Ravager x7  
  118  19:01  Zergling x10  
  130  19:10  Zergling x12  
  137  19:18  Lair  
  137  19:19  Drone  
  137  19:20  Drone  
  137  19:25  Zergling x8  
  137  19:30  Queen x2  
  145  19:39  Drone x4  
  145  19:45  Spore Crawler  
  148  19:48  Roach  
  148  19:49  Roach x2  
  154  19:53  Roach x2  
  154  20:00  Spore Crawler  
  154  20:03  Spine Crawler  
  154  20:06  Drone x5  
  154  20:08  Zergling x12  
  150  20:17  Overseer  
  150  20:20  Zergling x10  
  141  20:27  Roach  
  141  20:28  Roach x3  
  135  20:33  Roach x2  
Show
View Real Time Build Order
Export as new Build Order

GunGFuBanDa Protoss - Winner!

Build Orders: 1 Gate Expand, Oracle Opening 

Get SALT Encoding   

  12  0:00  Probe  
  13  0:12  Probe  
  14  0:17  Pylon  
  14  0:24  Probe (Chrono Boost)  
  15  0:36  Probe (Chrono Boost)  
  15  0:40  Gateway  
  16  0:44  Probe (Chrono Boost)  
  17  0:50  Assimilator  
  17  0:51  Probe  
  18  1:03  Probe  
  19  1:15  Probe  
  20  1:25  Nexus  
  20  1:36  Cybernetics Core  
  20  1:38  Probe  
  21  1:45  Assimilator  
  21  1:51  Probe  
  21  1:52  Pylon  
  22  2:03  Probe (Chrono Boost)  
  23  2:12  Adept  
  23  2:15  Probe (Chrono Boost)  
  26  2:20  Probe (Chrono Boost)  
  26  2:22  Stargate  
  27  2:29  Probe (Chrono Boost)  
  28  2:32  Warp Gate  
  28  2:38  Probe (Chrono Boost)  
  28  2:41  Probe (Chrono Boost)  
  28  2:44  Adept  
  32  2:47  Probe x2 (Chrono Boost)  
  34  2:52  Probe (Chrono Boost)  
  34  2:55  Probe  
  36  3:03  Oracle (Chrono Boost)  
  36  3:04  Probe  
  37  3:07  Probe  
  37  3:10  Gateway  
  41  3:14  Pylon  
  41  3:16  Probe  
  42  3:20  Stalker  
  42  3:22  Probe  
  45  3:28  Probe  
  45  3:32  Pylon  
  46  3:38  Oracle (Chrono Boost)  
  49  3:42  Probe  
  49  3:43  Probe  
  51  3:54  Probe  
  51  3:55  Probe  
  53  3:59  Twilight Council  
  53  4:07  Probe x2  
  55  4:11  Nexus  
  55  4:13  Pylon  
  55  4:19  Probe  
  56  4:25  Gateway x2  
  56  4:29  Adept x2  
  60  4:31  Probe x2  
  60  4:33  Resonating Glaives (Chrono Boost)  
  62  4:43  Shield Battery, Probe x2  
  64  4:46  Pylon  
  64  4:48  Assimilator  
  64  4:55  Probe  
  64  4:56  Probe  
  66  5:05  Adept x2  
  70  5:08  Probe x2  
  70  5:10  Pylon  
  72  5:14  Robotics Facility  
  72  5:17  Pylon  
  72  5:20  Probe x2  
  74  5:22  Adept x2  
  78  5:29  Probe  
  78  5:31  Adept x2  
  78  5:32  Probe x2  
  85  5:42  Probe (Chrono Boost)  
  86  5:43  Adept x2  
  86  5:44  Probe (Chrono Boost)  
  86  5:46  Probe (Chrono Boost)  
  92  5:54  Blink (Chrono Boost)  
  92  5:55  Assimilator  
  92  5:56  Probe (Chrono Boost)  
  95  5:57  Gateway  
  95  5:59  Gateway, Probe (Chrono Boost)  
  95  6:01  Probe (Chrono Boost)  
  95  6:02  Immortal (Chrono Boost)  
  95  6:11  Robotics Bay  
  99  6:12  Pylon  
  99  6:30  Probe  
  99  6:31  Probe  
  99  6:32  Immortal (Chrono Boost)  
  94  6:34  Assimilator  
  94  6:35  Probe  
  99  6:41  Shield Battery  
  99  6:42  Stalker x3, Pylon  
  99  6:43  Probe  
  100  6:53  Probe  
  100  6:54  Probe  
  100  7:00  Disruptor (Chrono Boost), Forge  
  100  7:05  Sentry  
  100  7:06  Zealot x3  
  112  7:08  Shield Battery  
  111  7:15  Probe  
  111  7:16  Probe  
  111  7:18  Gateway x2  
  111  7:21  Assimilator  
  112  7:26  Disruptor (Chrono Boost)  
  116  7:33  Pylon  
  116  7:34  Pylon  
  116  7:37  Protoss Ground Weapons Level 1 (Chrono Boost)  
  116  7:38  Stalker  
  116  7:39  Stalker x3  
  116  7:43  Photon Cannon  
  124  7:45  Photon Cannon  
  124  7:52  Warp Prism (Chrono Boost)  
  124  7:54  Forge  
  124  7:55  Gateway  
  124  7:58  Gateway  
  126  8:00  Pylon  
  126  8:05  Stalker x6  
  136  8:21  Observer, Pylon  
  136  8:37  Charge  
  136  8:39  Probe x2  
  138  8:43  Immortal (Chrono Boost)  
  138  8:44  Stalker x6  
  138  8:45  Stalker x2  
  140  9:07  Protoss Ground Armor Level 1  
  130  9:12  Disruptor (Chrono Boost)  
  130  9:15  Nexus  
  134  9:17  Sentry, Photon Cannon  
  134  9:18  Sentry, Shield Battery  
  138  9:24  Probe  
  138  9:27  Photon Cannon  
  138  9:28  Pylon  
  138  9:29  Adept x2  
  143  9:36  Probe  
  143  9:37  Probe x2  
  146  9:39  Disruptor (Chrono Boost)  
  150  9:48  Probe  
  150  9:49  Probe  
  148  9:59  Zealot x8  
  164  10:10  Photon Cannon  
  164  10:13  Pylon  
  164  10:15  Pylon  
  164  10:16  Probe  
  164  10:18  Disruptor  
  143  10:29  Probe  
  143  10:35  Stalker x5  
  135  10:36  Stalker x5  
  135  10:39  Protoss Ground Weapons Level 2 (Chrono Boost)  
  136  10:44  Probe x4  
  136  10:45  Pylon  
  138  10:56  Probe (Chrono Boost)  
  141  10:57  Disruptor  
  141  11:00  Pylon, Probe (Chrono Boost)  
  141  11:01  Probe (Chrono Boost)  
  146  11:04  Probe (Chrono Boost)  
  146  11:07  Probe (Chrono Boost)  
  146  11:10  Probe (Chrono Boost)  
  146  11:11  Probe (Chrono Boost)  
  149  11:12  Probe (Chrono Boost)  
  149  11:13  Probe (Chrono Boost)  
  149  11:15  Stalker  
  153  11:19  Protoss Ground Armor Level 2 (Chrono Boost), Shield Battery  
  153  11:21  Sentry  
  155  11:32  Sentry, Stalker x2  
  161  11:33  Disruptor  
  147  12:09  Stalker  
  147  12:10  Stalker x9  
  147  12:12  Assimilator, Templar Archives  
  147  12:13  Assimilator  
  147  12:14  Photon Cannon  
  167  12:28  Pylon  
  159  12:43  Zealot x8  
  159  12:44  Zealot x2  
  168  12:48  Disruptor (Chrono Boost)  
  164  12:54  Protoss Ground Weapons Level 3 (Chrono Boost)  
  162  13:03  Probe  
  162  13:04  Probe  
  154  13:08  High Templar x2  
  154  13:09  High Templar x4  
  154  13:10  Zealot x4  
  164  13:13  Archon x2, Probe  
  164  13:14  Archon  
  157  13:27  Immortal (Chrono Boost)  
  157  13:28  Protoss Ground Armor Level 3 (Chrono Boost)  
  157  13:29  Pylon  
  155  13:42  Zealot x6  
  155  13:43  Zealot x4  
  155  13:48  Probe  
  171  13:59  Immortal  
  168  14:08  Stalker x6  
  168  14:09  Stalker x4  
  166  14:23  Nexus  
  160  14:40  High Templar x4  
  164  14:46  Archon x2  
  164  14:48  Zealot x6, Immortal (Chrono Boost)  
  180  14:54  Pylon  
  150  15:22  Stalker x9  
  150  15:31  Protoss Shields Level 1 (Chrono Boost)  
  150  15:33  Probe  
  150  15:34  Probe x2  
  127  15:51  High Templar x5  
  127  15:52  High Templar x2  
  127  15:53  High Templar, Zealot x2  
  127  15:56  Archon x3  
  145  15:59  Archon  
  149  16:04  Pylon  
  149  16:07  Probe (Chrono Boost)  
  149  16:08  Probe (Chrono Boost)  
  149  16:09  Probe (Chrono Boost)  
  149  16:10  Probe (Chrono Boost)  
  131  16:19  Zealot x2  
  131  16:20  Immortal (Chrono Boost)  
  139  16:29  High Templar x2, Zealot  
  139  16:31  Probe  
  139  16:32  Shield Battery  
  146  16:34  Archon  
  146  16:43  Zealot x2  
  146  16:44  Zealot x5  
  160  16:56  Immortal (Chrono Boost)  
  160  16:59  High Templar  
  158  17:08  Zealot x7  
  126  17:35  Stalker x5  
  126  17:36  Zealot x5  
  132  17:40  Probe  
  129  17:45  Probe  
  129  17:47  Probe  
  129  17:55  Probe  
  129  17:57  High Templar x2  
  129  17:58  High Templar x3  
  136  17:59  Sentry  
  140  18:05  Dark Shrine  
  140  18:11  Archon x2  
  140  18:12  Archon  
  125  18:13  High Templar x2  
  125  18:14  Zealot x2  
  133  18:26  Immortal (Chrono Boost)  
  133  18:27  Archon  
  117  18:51  Immortal (Chrono Boost)  
  121  18:59  Nexus  
  121  19:01  Pylon  
  121  19:03  Sentry, High Templar x3  
  121  19:05  Zealot x2  
  121  19:06  Zealot  
  121  19:07  Zealot x2  
  121  19:08  High Templar  
  141  19:14  Archon x2  
  141  19:26  Immortal (Chrono Boost)  
  141  19:27  Dark Templar  
  145  19:51  Dark Templar  
  145  19:52  Shield Battery  
  147  20:04  High Templar x2  
  147  20:05  Zealot x7  
  163  20:10  Archon  
  155  20:16  Probe  
  150  20:24  Dark Templar  
  133  20:35  Zealot x5  
  133  20:36  Zealot x3  
Tags
 
Add a new tag
Caveats
  • Supply blocks, unpowered buildings, or Contaminate may cause inaccurate times.
  • Supply counts are checked every 10 seconds.